 Dungeon Crawl Stone Soup version 0.30.1-11-g7821555f0a (webtiles) character file.

Game seed: 7819672649171921981

257 jagang the Slasher (level 6, -2/48 HPs)
             Began as a Human Monk on Jan 12, 2024.
             Slain by an ogre
             ... wielding a +0 giant club
              (21 damage)
             ... on level 4 of the Dungeon.
             The game lasted 00:03:55 (2163 turns).

jagang the Slasher (Human Monk)                     Turns: 2163, Time: 00:03:55

Health: -2/48      AC: 13    Str: 11    XL:     6   Next: 39%
Magic:  6/6        EV:  3    Int: 11    God:
Gold:   206        SH:  0    Dex: 17    Spells: 5/5 levels left

rFire   . . .        h - +0 dagger (elec)
rCold   . . .        d - orb {light}
rNeg    . . .        p - +0 plate armour
rPois   .            (no helmet)
rElec   .            m - +0 cloak
rCorr   .            b - +0 pair of gloves
SInv    .            (no boots)
Will    .....        (no amulet) Stlth
                     (no ring)
HPRegen 0.28/turn    (no ring)
MPRegen 0.10/turn

%: no passive effects
@: glowing
A: no striking features
a: no special abilities


You were on level 4 of the Dungeon.
You visited 1 branch of the dungeon, and saw 4 of its levels.

You collected 206 gold pieces.

Inventory:

Hand Weapons
 a - a +0 falchion
 h - a +0 dagger of electrocution (weapon)
Missiles
 g - a poisoned dart (quivered)
 o - 6 atropa-tipped darts
Armour
 b - a +0 pair of gloves (worn)
 d - an orb of light (worn)
 m - a +0 cloak (worn)
 p - a +0 plate armour (worn)
Scrolls
 e - 2 scrolls of identify
 f - 2 scrolls of fear
 i - a scroll of brand weapon {unknown}
 j - a scroll of fog
 k - a scroll of teleportation
 n - a scroll of vulnerability
Potions
 c - a potion of ambrosia
 l - a potion of invisibility {unknown}
 q - a potion of degeneration {unknown}


   Skills:
 + Level 4.2 Fighting
 * Level 5.1 Long Blades
 + Level 2.7 Armour
 - Level 3.0 Dodging


You had 5 spell levels left.
You didn't know any spells.
Your spell library contained the following spells:

 Spells                   Type           Power      Damage    Failure   Level
 Necrotise                Necr           0%         1d4       100%        1
 Ozocubu's Armour         Ice            0%         N/A       100%        3
 Vampiric Draining        Necr           0%         2d6       100%        3
 Agony                    Necr           0%         N/A       100%        5
 Iskenderun's Battlesphe  Conj           0%         2d6       100%        5
 Metabolic Englaciation   Hex/Ice        0%         N/A       100%        5
 Iron Shot                Conj/Erth      0%         9d1       100%        6
 Simulacrum               Ice/Necr       0%         N/A       100%        6
 Spellforged Servitor     Conj/Summ      0%         N/A       100%        7
 Borgnjor's Revivificati  Necr           0%         N/A       100%        8
 Necromutation            Tmut/Necr      0%         N/A       100%        8
 Death's Door             Necr           0%         N/A       100%        9


Dungeon Overview and Level Annotations

Branches:
Dungeon (4/15)
 Temple: D:4-7

Altars:
Gozag
Kikubaaqudgha

Annotations:
D:4 3 runed translucent doors, Sinnistrad's ghost, novice MiFi


Message History

You hit the dart slug but do no damage.
Lightning courses through the dart slug!
You kill the dart slug!
No target in view!
No target in view!
HP restored.
You now have 206 gold pieces (gained 15).
You see here a dart slug corpse.
Found a stone staircase leading up.
e - 2 scrolls of identify (gained 1)
i - a scroll labelled YRURAE SIOS
There is an open door here.
As you open the door, it creaks loudly!
You hear a shout! x2
You hear an angry hiss.
An ogre comes into view. It is wielding a +0 giant club.
An orc comes into view. It is wielding a +0 short sword.
The ogre shouts!
You hear a bark!
You throw a poisoned dart. The poisoned dart hits the ogre.
You throw a poisoned dart. The poisoned dart hits the ogre.
The ogre is poisoned.
You hit the ogre.
The ogre is lightly wounded.
You hit the ogre.
The ogre is moderately wounded.
The ogre hits you with a +0 giant club!
You hit the ogre. Lightning courses through the ogre!
The ogre is severely wounded.
An adder comes into view.
The ogre hits you with a +0 giant club!
You are too injured to fight recklessly!
The adder hisses angrily.
You hit the ogre but do no damage.
The ogre is severely wounded.
You hear a bark!
The orc hits you but does no damage.
You hit the ogre.
The ogre is almost dead.
A jackal comes into view.
A ball python comes into view.
The ogre hits you with a +0 giant club!!
You die...

#..######.##.##.##..#.#
#.........##...# #...h.
#.##########...##.##...
#.##.## ##......# #S..
#.#...####.......##.#
.........'........(#
#.#...####.......(.#
#<##.## ##.....Oo.#
#.#### ##....@#.#####
#.. ##....#...... ##.
##'#....# . #S###### .#
#. #. .. .. ..


You could see an ogre (poisoned), an adder, an orc, a jackal and a ball python
(wandering).

Vanquished Creatures
  A black bear (D:3)
  An orc priest (D:4)
  An orc wizard (D:4)
  2 adders (D:2)
  A worm (D:2)
  5 dart slugs
  6 orcs
  11 bats
  5 endoplasms
  4 giant cockroaches
  8 goblins
  6 hobgoblins
  3 jackals (D:1)
  11 kobolds
  5 ball pythons
  2 frilled lizards
  8 rats
80 creatures vanquished.

Notes
Turn   | Place    | Note
-------+----------+-------------------------------------------
     0 | D:1      | jagang the Human Monk began the quest for the Orb.
     0 | D:1      | Reached XP level 1. HP: 18/18 MP: 1/1
    96 | D:1      | Reached XP level 2. HP: 20/24 MP: 2/2
   313 | D:1      | Reached skill level 1 in Armour
   355 | D:1      | Reached XP level 3. HP: 29/29 MP: 3/3
   867 | D:2      | Reached XP level 4. HP: 33/35 MP: 4/4
   952 | D:2      | Found an ancient bone altar of Kikubaaqudgha.
   961 | D:2      | Reached skill level 4 in Long Blades
  1338 | D:3      | Noticed a black bear
  1350 | D:3      | Killed a black bear
  1351 | D:3      | Reached XP level 5. HP: 40/42 MP: 5/5
  1643 | D:3      | Reached XP level 6. HP: 48/48 MP: 6/6
  1992 | D:4      | Found a runed translucent gate.
  1993 | D:4      | Found a runed translucent gate.
  1993 | D:4      | Found an opulent altar of Gozag.
  1994 | D:4      | Found a runed translucent gate.
  1996 | D:4      | Noticed Sinnistrad's ghost (novice MiFi)
  1996 | D:4      | Noticed an orc warrior
  2018 | D:4      | Reached skill level 5 in Long Blades
  2155 | D:4      | Noticed an ogre
  2163 | D:4      | Slain by an ogre

Illustrated notes

Levels and vault maps discovered:
D:1:      dpeg_arrival_pits, layout_loops_ring, minmay_misc_feat_doors
D:2:      kennysheep_big_flooded_room, layout_rooms, minmay_hexomino_r4
D:3:      layout_basic, minivault_26, grunt_ministairs_15
D:4:      layout_loops_corners, mainiacjoe_overflow_catch_the_wave,
          ebering_ghost_gozag, minmay_vboxes

Skill      XL: |  1  2  3  4  5  6 |
---------------+-------------------+-----
Armour         | 1 2 |  2.7
Long Blades    | 4 5 |  5.1
Fighting       | 4 |  4.2
Dodging        | |  3.0

Action                     |  1- 3 |  4- 6 || total
---------------------------+-------+-------++-------
  Melee: Falchion          |    20 |       ||    20
         Dagger            |    61 |   159 ||   220
  Throw: Dart              |       |     2 ||     2
    Use: Scroll            |       |     4 ||     4
 Armour: Robe              |    10 |       ||    10
         Ring mail         |    27 |    70 ||    97
         Plate armour      |       |     6 ||     6
  Dodge: Dodged            |    51 |    71 ||   122
